TOP OF THE 1ST |
San Antonio Missions batting - Pitching for El Paso Chihuahuas : RHP Tom Smith
|
Pitching: RHP Tom Smith
|
|
Batting: RHB Ivan Calderon
|
0-0: Ball 1-0: Ball 2-0: Ball 3-0: Base on Balls
|
Batting: RHB Amos Lewis
|
0-0: Called Strike 0-1: Ball 1-1: Ball 2-1: SINGLE (Groundball, 6S, EV 63.8 MPH) (infield hit) Ivan Calderon to second
|
Batting: RHB Ed Hearn
|
0-0: SINGLE (Flyball, 3D, EV 89.4 MPH) Ivan Calderon to third Amos Lewis to second
|
Batting: RHB Larry Hamilton
|
0-0: Called Strike 0-1: Ball 1-1: Called Strike 1-2: Strikes out swinging
|
Batting: LHB Lee Pruitt
|
0-0: Ball 1-0: Called Strike 1-1: Ball 2-1: SINGLE (Groundball, 34D, EV 111.3 MPH) Ivan Calderon scores Amos Lewis to third Ed Hearn to second Runner from 3rd tries for Home, SAFE, throw by RF to home
|
Batting: RHB Jack Clark
|
0-0: SINGLE (Flyball, 8RS, EV 93.1 MPH) Ed Hearn to third Lee Pruitt to second Runner from 3rd tries for Home, SAFE, throw by CF to home
|
Pitching: RHP Alejandro Pena
|
|
Batting: LHB Jerold Johnston
|
0-0: Foul Ball, location: 2F 0-1: Foul Ball, location: 2F 0-2: 3-RUN HOME RUN (Flyball, 9D, EV 102.5 MPH), Distance : 400 ft
|
Batting: LHB Matt Nokes
|
0-0: Called Strike 0-1: Ball 1-1: Foul Ball, location: 2F 1-2: Ball 2-2: Foul Ball, location: 2F 2-2: Foul Ball, location: 2F 2-2: Ball 3-2: Base on Balls
|
Batting: RHB Houston Jimenez
|
0-0: Ball 1-0: Ball 2-0: Foul Ball, location: 2F 2-1: Ball 3-1: Swinging Strike 3-2: Base on Balls Matt Nokes to second
|
Batting: RHB Ivan Calderon
|
0-0: Ball 1-0: Ball 2-0: Ball 3-0: Called Strike 3-1: Foul Ball, location: 2F 3-2: Base on Balls Matt Nokes to third Houston Jimenez to second
|
Batting: RHB Amos Lewis
|
0-0: Foul Ball, location: 2F 0-1: SINGLE (Line Drive, 7S, EV 108.8 MPH) Matt Nokes scores Houston Jimenez to third Ivan Calderon to second
|
Batting: RHB Ed Hearn
|
0-0: DOUBLE (Line Drive, 9LM, EV 109.4 MPH) Houston Jimenez scores Ivan Calderon scores Amos Lewis to third Runner from 3rd tries for Home, SAFE, throw by RF to trailing runner, SAFE at third!
|
Pitching: RHP Rick DeLoach
|
|
Batting: RHB Larry Hamilton
|
0-0: Ball 1-0: Called Strike 1-1: Foul Ball, location: 2F 1-2: Fly out, F8 (Flyball, 8LM, EV 88.8 MPH) Runner from 3rd tags up, OUT at HOME! 8-2
|
Top of the 1st over - 10 runs, 7 hits, 0 errors, 0 left on base; San Antonio 10 - El Paso 0 |
BOTTOM OF THE 1ST |
El Paso Chihuahuas batting - Pitching for San Antonio Missions : RHP Carlos Gil
|
Pitching: RHP Carlos Gil
|
|
Batting: LHB Andy Van Slyke
|
0-0: Called Strike 0-1: Ground out 5-3 (Groundball, 56, EV 86.9 MPH)
|
Batting: RHB Steven Murray
|
0-0: Ball 1-0: Foul Ball, location: 2F 1-1: Foul Ball, location: 2F 1-2: Strikes out swinging
|
Batting: RHB Jesse Vann
|
0-0: Called Strike 0-1: Foul Ball, location: 2F 0-2: Ball 1-2: Ball 2-2: Ball 3-2: Foul Ball, location: 2F 3-2: DOUBLE (Line Drive, 9D, EV 103.1 MPH)
|
Batting: LHB Jerry Littmann
|
0-0: Ball 1-0: Ball 2-0: Ball 3-0: Base on Balls
|
Batting: RHB Bill Lyons
|
0-0: Called Strike 0-1: Called Strike 0-2: Ball Wild Pitch! Jesse Vann to third Jerry Littmann to second 1-2: Foul Ball, location: 2F 1-2: Ground out 4-3 (Groundball, 4, EV 83.1 MPH)
|
Bottom of the 1st over - 0 runs, 1 hit, 0 errors, 2 left on base; San Antonio 10 - El Paso 0 |
TOP OF THE 2ND |
San Antonio Missions batting - Pitching for El Paso Chihuahuas : RHP Rick DeLoach
|
Batting: LHB Lee Pruitt
|
0-0: Foul Ball, location: 2F 0-1: Ball 1-1: Ball 2-1: Fly out, F2 (Popup, 13S, EV 82.5 MPH)
|
Batting: RHB Jack Clark
|
0-0: Swinging Strike 0-1: Ground out 4-3 (Groundball, 4, EV 85.0 MPH)
|
Batting: LHB Jerold Johnston
|
0-0: Ball 1-0: Called Strike 1-1: Called Strike 1-2: Ball 2-2: Ball 3-2: Fly out, F7 (Flyball, 7LD, EV 89.4 MPH)
|
Top of the 2nd over - 0 runs, 0 hits, 0 errors, 0 left on base; San Antonio 10 - El Paso 0 |
BOTTOM OF THE 2ND |
El Paso Chihuahuas batting - Pitching for San Antonio Missions : RHP Carlos Gil
|
Batting: LHB Dan Murphy
|
0-0: Called Strike 0-1: DOUBLE (Flyball, 89XD, EV 93.8 MPH)
|
Batting: RHB Tom Roarke
|
0-0: Ball 1-0: Fly out, F9 (Flyball, 89S, EV 90.0 MPH)
|
Batting: RHB Leo George
|
0-0: Foul Ball, location: 2F 0-1: Fly out, F8 (Flyball, 89XD, EV 83.1 MPH) Runner from 2nd tags up, SAFE at 3rd, no throw by CF
|
Batting: RHB William Parmenter
|
0-0: Called Strike 0-1: Ball 1-1: Foul Ball, location: 2F 1-2: SINGLE (Line Drive, 3L, EV 97.5 MPH) Dan Murphy scores
|
Batting: LHB Andy Van Slyke
|
0-0: Called Strike 0-1: Ground out 4-3 (Groundball, 4, EV 86.9 MPH)
|
Bottom of the 2nd over - 1 run, 2 hits, 0 errors, 1 left on base; San Antonio 10 - El Paso 1 |
TOP OF THE 3RD |
San Antonio Missions batting - Pitching for El Paso Chihuahuas : RHP Rick DeLoach
|
Batting: LHB Matt Nokes
|
0-0: Foul Ball, location: 2F 0-1: Ball 1-1: Called Strike 1-2: Ball 2-2: Ball 3-2: SINGLE (Groundball, 34D, EV 96.9 MPH)
|
Batting: RHB Houston Jimenez
|
Pickoff Throw to First - Error! E1 Matt Nokes to second 0-0: Ball Wild Pitch! Matt Nokes to third 1-0: Foul Ball, location: 2F 1-1: Ball 2-1: Ball 3-1: SINGLE (Line Drive, 4D, EV 106.3 MPH) Matt Nokes scores
|
Batting: RHB Ivan Calderon
|
0-0: Called Strike 0-1: Ball 1-1: Fielders Choice at 2nd, 5-4 (Groundball, 56, EV 95.0 MPH)
|
Batting: RHB Amos Lewis
|
0-0: Called Strike 0-1: Ball 1-1: Ball 2-1: Foul Ball, location: 2F 2-2: Ball 3-2: Base on Balls Ivan Calderon to second
|
Batting: RHB Ed Hearn
|
0-0: Called Strike 0-1: Called Strike 0-2: SINGLE (Groundball, 25, EV 60.0 MPH) (infield hit) Ivan Calderon to third Amos Lewis to second
|
Batting: RHB Larry Hamilton
|
0-0: Ball 1-0: Ball 2-0: Ball 3-0: Called Strike 3-1: Base on Balls Ivan Calderon scores Amos Lewis to third Ed Hearn to second
|
Batting: LHB Lee Pruitt
|
0-0: Ball 1-0: Called Strike 1-1: Foul Ball, location: 2F 1-2: Foul Ball, location: 2F 1-2: Ball 2-2: SINGLE (Line Drive, 34D, EV 94.4 MPH) Amos Lewis scores Ed Hearn to third Larry Hamilton to second Runner from 3rd tries for Home, SAFE, throw by RF to home
|
Pitching: RHP Matthew Vejar
|
|
Batting: RHB Jack Clark
|
0-0: 3-RUN HOME RUN (Flyball, 7D, EV 92.5 MPH), Distance : 386 ft
|
Batting: LHB Jerold Johnston
|
0-0: Swinging Strike 0-1: Foul Ball, location: 2F 0-2: Foul Ball, location: 2F 0-2: Strikes out swinging
|
Batting: LHB Matt Nokes
|
0-0: Fly out, F9 (Flyball, 89XD, EV 98.1 MPH)
|
Top of the 3rd over - 7 runs, 5 hits, 1 error, 0 left on base; San Antonio 17 - El Paso 1 |
BOTTOM OF THE 3RD |
El Paso Chihuahuas batting - Pitching for San Antonio Missions : RHP Carlos Gil
|
Batting: RHB Steven Murray
|
0-0: Called Strike 0-1: Ball 1-1: Foul Ball, location: 2F 1-2: Ball 2-2: Fly out, F9 (Flyball, 89M, EV 79.4 MPH)
|
Batting: RHB Jesse Vann
|
0-0: Ball 1-0: Ball 2-0: Foul Ball, location: 2F 2-1: Ball 3-1: Called Strike 3-2: Fly out, F9 (Flyball, 9, EV 83.8 MPH)
|
Batting: LHB Jerry Littmann
|
0-0: Ball 1-0: Ball 2-0: Ball 3-0: Base on Balls
|
Batting: RHB Bill Lyons
|
0-0: Fly out, F7 (Line Drive, 7D, EV 93.1 MPH)
|
Bottom of the 3rd over - 0 runs, 0 hits, 0 errors, 1 left on base; San Antonio 17 - El Paso 1 |
TOP OF THE 4TH |
San Antonio Missions batting - Pitching for El Paso Chihuahuas : RHP Matthew Vejar
|
Batting: RHB Houston Jimenez
|
0-0: Called Strike 0-1: Ball 1-1: Called Strike 1-2: Ball 2-2: Ball 3-2: Base on Balls
|
Batting: RHB Ivan Calderon
|
0-0: Called Strike 0-1: Foul Ball, location: 2F 0-2: Ball 1-2: Fly out, F7 (Flyball, 78D, EV 78.8 MPH)
|
Batting: RHB Amos Lewis
|
0-0: Called Strike 0-1: Fielders Choice at 2nd, 6-4 (Groundball, 6, EV 83.1 MPH)
|
Batting: RHB Ed Hearn
|
0-0: Ball 1-0: SINGLE (Line Drive, 9S, EV 111.3 MPH) Amos Lewis to second
|
Batting: RHB Larry Hamilton
|
0-0: Swinging Strike 0-1: Ball Wild Pitch! Amos Lewis to third Ed Hearn to second 1-1: Ball 2-1: Foul Ball, location: 2F 2-2: Foul Ball, location: 2F 2-2: Foul Ball, location: 2F 2-2: Foul Ball, location: 2F 2-2: Strikes out swinging
|
Top of the 4th over - 0 runs, 1 hit, 0 errors, 2 left on base; San Antonio 17 - El Paso 1 |
BOTTOM OF THE 4TH |
El Paso Chihuahuas batting - Pitching for San Antonio Missions : RHP Carlos Gil
|
Batting: LHB Dan Murphy
|
0-0: Called Strike 0-1: Called Strike 0-2: Ball 1-2: Ball 2-2: Ball 3-2: Fly out, F8 (Flyball, 8LD, EV 95.0 MPH)
|
Batting: RHB Tom Roarke
|
0-0: Ball 1-0: Ball 2-0: Ball 3-0: Base on Balls
|
Batting: RHB Leo George
|
0-0: Ball 1-0: Called Strike 1-1: Swinging Strike 1-2: Foul Ball, location: 2F 1-2: Strikes out looking
|
Batting: RHB William Parmenter
|
0-0: Called Strike 0-1: Ball 1-1: Swinging Strike 1-2: Ground out U3 (Groundball, 3, EV 106.3 MPH)
|
Bottom of the 4th over - 0 runs, 0 hits, 0 errors, 1 left on base; San Antonio 17 - El Paso 1 |
TOP OF THE 5TH |
San Antonio Missions batting - Pitching for El Paso Chihuahuas : RHP Matthew Vejar
|
Batting: LHB Lee Pruitt
|
0-0: Called Strike 0-1: Ball 1-1: Ball 2-1: Ground out 6-3 (Groundball, P, EV 84.4 MPH)
|
Batting: RHB Jack Clark
|
0-0: Called Strike 0-1: Ground out 4-3 (Groundball, 4, EV 91.3 MPH)
|
Batting: LHB Jerold Johnston
|
0-0: Called Strike 0-1: Ball 1-1: Foul Ball, location: 2F 1-2: Fly out, F9 (Flyball, 9, EV 95.6 MPH)
|
Top of the 5th over - 0 runs, 0 hits, 0 errors, 0 left on base; San Antonio 17 - El Paso 1 |
BOTTOM OF THE 5TH |
El Paso Chihuahuas batting - Pitching for San Antonio Missions : RHP Carlos Gil
|
Batting: LHB Andy Van Slyke
|
0-0: Called Strike 0-1: Called Strike 0-2: Fly out, F8 (Flyball, 8LD, EV 106.3 MPH)
|
Batting: RHB Steven Murray
|
0-0: Called Strike 0-1: Called Strike 0-2: Ball 1-2: Ball 2-2: Foul Ball, location: 2F 2-2: Foul Ball, location: 2F 2-2: Ground out 6-3 (Groundball, 6, EV 104.4 MPH)
|
Batting: RHB Jesse Vann
|
0-0: Called Strike 0-1: Ball 1-1: Fly out, F9 (Flyball, 9D, EV 106.3 MPH)
|
Bottom of the 5th over - 0 runs, 0 hits, 0 errors, 0 left on base; San Antonio 17 - El Paso 1 |
TOP OF THE 6TH |
San Antonio Missions batting - Pitching for El Paso Chihuahuas : RHP Matthew Vejar
|
Batting: LHB Matt Nokes
|
0-0: Called Strike 0-1: Ball 1-1: Ball 2-1: Ball 3-1: Called Strike 3-2: Foul Ball, location: 2F 3-2: Foul Ball, location: 2F 3-2: SOLO HOME RUN (Flyball, 9LD, EV 107.5 MPH), Distance : 366 ft
|
Pitching: RHP Gary Kaczor
|
|
Batting: RHB Houston Jimenez
|
0-0: Ball 1-0: Ball 2-0: Ball 3-0: Called Strike 3-1: Foul Ball, location: 2F 3-2: Base on Balls
|
Batting: RHB Ivan Calderon
|
0-0: Called Strike 0-1: Called Strike 0-2: Strikes out swinging
|
Batting: RHB Amos Lewis
|
0-0: Ball 1-0: Foul Ball, location: 2F 1-1: Swinging Strike 1-2: Foul Ball, location: 2F 1-2: Strikes out swinging
|
Batting: RHB Ed Hearn
|
0-0: Swinging Strike 0-1: 2-RUN HOME RUN (Flyball, 7D, EV 100.6 MPH), Distance : 405 ft
|
Batting: RHB Larry Hamilton
|
0-0: DOUBLE (Line Drive, 8LD, EV 95.6 MPH)
|
Batting: LHB Lee Pruitt
|
0-0: Ball 1-0: Swinging Strike 1-1: Called Strike 1-2: Ground out 4-3 (Groundball, 34D, EV 83.1 MPH)
|
Top of the 6th over - 3 runs, 3 hits, 0 errors, 1 left on base; San Antonio 20 - El Paso 1 |
BOTTOM OF THE 6TH |
El Paso Chihuahuas batting - Pitching for San Antonio Missions : RHP Carlos Gil
|
Batting: LHB Jerry Littmann
|
0-0: Ball 1-0: Foul Ball, location: 2F 1-1: Foul Ball, location: 2F 1-2: Ball 2-2: SINGLE (Groundball, 4MD, EV 96.3 MPH)
|
Batting: RHB Bill Lyons
|
0-0: Foul Ball, location: 2F 0-1: Fly out, F9 (Flyball, 9, EV 93.8 MPH)
|
Batting: LHB Dan Murphy
|
0-0: Ball 1-0: Called Strike 1-1: Fly out, F9 (Flyball, 9S, EV 92.5 MPH)
|
Batting: RHB Tom Roarke
|
0-0: Called Strike 0-1: Ball 1-1: Foul Ball, location: 2F 1-2: Ball 2-2: Ball 3-2: SINGLE (Line Drive, 4D, EV 95.6 MPH) Jerry Littmann to second Jerry Littmann to third
|
Batting: RHB Leo George
|
0-0: DOUBLE (Flyball, 8RXD, EV 95.6 MPH) Jerry Littmann scores Tom Roarke to third Runner from 3rd tries for Home, SAFE, throw by CF to trailing runner, SAFE at third!
|
Batting: RHB William Parmenter
|
0-0: Ball 1-0: Ball 2-0: Called Strike 2-1: Foul Ball, location: 2F 2-2: Ground out 6-3 (Groundball, 6, EV 84.4 MPH)
|
Bottom of the 6th over - 2 runs, 3 hits, 0 errors, 1 left on base; San Antonio 20 - El Paso 3 |
TOP OF THE 7TH |
San Antonio Missions batting - Pitching for El Paso Chihuahuas : RHP Gary Kaczor
|
Batting: RHB Jack Clark
|
0-0: Called Strike 0-1: Fly out, F8 (Flyball, 8RM, EV 95.0 MPH)
|
Batting: LHB Jerold Johnston
|
0-0: Swinging Strike 0-1: Foul Ball, location: 2F 0-2: Ball 1-2: Strikes out looking
|
Batting: LHB Matt Nokes
|
0-0: Foul Ball, location: 2F 0-1: Foul Ball, location: 2F 0-2: Ground out 4-3 (Groundball, 4, EV 88.8 MPH)
|
Top of the 7th over - 0 runs, 0 hits, 0 errors, 0 left on base; San Antonio 20 - El Paso 3 |
BOTTOM OF THE 7TH |
El Paso Chihuahuas batting - Pitching for San Antonio Missions : RHP Carlos Gil
|
Pitching: LHP John Hills
|
|
Pinch Hitting: RHB Antonio Pilla
|
0-0: Called Strike 0-1: Foul Ball, location: 2F 0-2: Ball 1-2: Ball 2-2: Ball 3-2: Foul Ball, location: 2F 3-2: Foul Ball, location: 2F 3-2: Base on Balls
|
Pinch Hitting: SHB Otis Tramble
|
0-0: Ball 1-0: Ball 2-0: Called Strike 2-1: Fly out, F9 (Flyball, 9, EV 85.6 MPH)
|
Batting: RHB Jesse Vann
|
0-0: Ball 1-0: Foul Ball, location: 2F 1-1: Ball 2-1: Foul Ball, location: 2F 2-2: Ball 3-2: Foul Ball, location: 2F 3-2: Foul Ball, location: 2F 3-2: 2-RUN HOME RUN (Flyball, 9LD, EV 90.0 MPH), Distance : 368 ft
|
Batting: LHB Jerry Littmann
|
0-0: Ball 1-0: Ball 2-0: Called Strike 2-1: Foul Ball, location: 2F 2-2: Fly out, F9 (Flyball, 9LM, EV 78.8 MPH)
|
Pinch Hitting: RHB James Fabiano
|
0-0: Ball 1-0: Swinging Strike 1-1: Ball 2-1: Swinging Strike 2-2: Ball 3-2: Base on Balls
|
Pinch Hitting: RHB Manny Guerrero
|
0-0: Foul Ball, location: 2F 0-1: SINGLE (Groundball, 6MD, EV 95.0 MPH) James Fabiano to second
|
Batting: RHB Tom Roarke
|
0-0: Swinging Strike 0-1: Ball 1-1: Fly out, F9 (Line Drive, 9, EV 89.4 MPH)
|
Bottom of the 7th over - 2 runs, 2 hits, 0 errors, 2 left on base; San Antonio 20 - El Paso 5 |
TOP OF THE 8TH |
San Antonio Missions batting - Pitching for El Paso Chihuahuas : RHP Gary Kaczor
|
Now at 2B: James Fabiano
|
|
Now at 3B: Antonio Pilla
|
|
Now in LF: Manny Guerrero
|
|
Now in CF: Otis Tramble
|
|
Batting: RHB Houston Jimenez
|
0-0: Foul Ball, location: 2F 0-1: Ball 1-1: Ball 2-1: Ball 3-1: Foul Ball, location: 2F 3-2: Fly out, F3 (Popup, 3F, EV 64.4 MPH)
|
Batting: RHB Ivan Calderon
|
0-0: Called Strike 0-1: Ball 1-1: SINGLE (Line Drive, 8RS, EV 93.1 MPH)
|
Batting: RHB Amos Lewis
|
0-0: Fly out, F6 (Popup, 15S, EV 85.0 MPH)
|
Pinch Hitting: RHB Leo Hernandez
|
0-0: Ball 1-0: Ball Passed Ball! Ivan Calderon to second 2-0: Called Strike 2-1: Fly out, F9 (Flyball, 9LS, EV 92.5 MPH)
|
Top of the 8th over - 0 runs, 1 hit, 0 errors, 1 left on base; San Antonio 20 - El Paso 5 |
BOTTOM OF THE 8TH |
El Paso Chihuahuas batting - Pitching for San Antonio Missions : LHP John Hills
|
Now at 3B: Leo Hernandez
|
|
Batting: RHB Leo George
|
0-0: Ball 1-0: Called Strike 1-1: Swinging Strike 1-2: Strikes out swinging
|
Pinch Hitting: RHB Scot Pyle
|
0-0: Foul Ball, location: 2F 0-1: Ball 1-1: Swinging Strike 1-2: Foul Ball, location: 2F 1-2: Ball 2-2: Foul Ball, location: 2F 2-2: Foul Ball, location: 2F 2-2: Foul Ball, location: 2F 2-2: Strikes out swinging
|
Batting: RHB Antonio Pilla
|
0-0: Ball 1-0: Ball 2-0: Called Strike 2-1: Called Strike 2-2: Strikes out looking
|
Bottom of the 8th over - 0 runs, 0 hits, 0 errors, 0 left on base; San Antonio 20 - El Paso 5 |
TOP OF THE 9TH |
San Antonio Missions batting - Pitching for El Paso Chihuahuas : RHP Gary Kaczor
|
Now at 3B: Scot Pyle
|
|
Batting: RHB Larry Hamilton
|
0-0: Ball 1-0: Ball 2-0: Ball 3-0: Base on Balls
|
Pitching: RHP Russell Burgin
|
|
Batting: LHB Lee Pruitt
|
0-0: Foul Ball, location: 2F 0-1: Foul Ball, location: 2F 0-2: Strikes out swinging
|
Batting: RHB Jack Clark
|
0-0: Called Strike 0-1: Ball 1-1: Ball 2-1: Swinging Strike 2-2: Strikes out swinging
|
Batting: LHB Jerold Johnston
|
0-0: Ball 1-0: Called Strike 1-1: Foul Ball, location: 2F 1-2: Ball 2-2: 2-RUN HOME RUN (Flyball, 9D, EV 91.9 MPH), Distance : 385 ft
|
Batting: LHB Matt Nokes
|
0-0: Fly out, F9 (Line Drive, 9, EV 98.8 MPH)
|
Top of the 9th over - 2 runs, 1 hit, 0 errors, 0 left on base; San Antonio 22 - El Paso 5 |
BOTTOM OF THE 9TH |
El Paso Chihuahuas batting - Pitching for San Antonio Missions : LHP John Hills
|
Batting: SHB Otis Tramble
|
0-0: Called Strike 0-1: SINGLE (Flyball, 56D, EV 93.1 MPH)
|
Batting: RHB Jesse Vann
|
|
Pinch Hitting: RHB Stine Poole
|
0-0: Foul Ball, location: 2F 0-1: Ball 1-1: Ball 2-1: Foul Ball, location: 2F 2-2: Strikes out swinging
|
Pitching: RHP James Herring
|
|
Batting: LHB Jerry Littmann
|
0-0: Called Strike 0-1: Ball 1-1: Ball 2-1: Swinging Strike 2-2: Foul Ball, location: 2F 2-2: Strikes out swinging
|
Batting: RHB James Fabiano
|
0-0: SINGLE (Groundball, 34S, EV 95.0 MPH) (infield hit) Otis Tramble to second
|
Batting: RHB Manny Guerrero
|
0-0: Called Strike 0-1: 3-RUN HOME RUN (Flyball, 89XD, EV 102.5 MPH), Distance : 426 ft
|
Batting: RHB Tom Roarke
|
0-0: Ball 1-0: Ball 2-0: Called Strike 2-1: Called Strike 2-2: Strikes out swinging
|
Bottom of the 9th over - 3 runs, 3 hits, 0 errors, 0 left on base; San Antonio 22 - El Paso 8 |
|